 Dungeon Crawl Stone Soup version 0.27.1-1-g398f81649c (webtiles) character file.

Game seed: 16017040879668828963

70 nxtlvl the Chopper (level 4, -3/57 HPs)
             Began as a Draconian Berserker on Sept 8, 2021.
             Was a Follower of Trog.
             Slain by a scorpion (5 damage)
             ... on level 4 of the Dungeon.
             The game lasted 00:02:19 (265 turns).

nxtlvl the Chopper (Draconian Berserker)             Turns: 265, Time: 00:02:20

Health: -3/57      AC:  5    Str: 19    XL:     4   Next: 3%
Magic:  4/4        EV: 12    Int:  8    God:    Trog [*.....]
Gold:   56         SH:  0    Dex: 11    Spells: 3/3 levels left

rFire    . . .     SeeInvis .   a - +0 hand axe
rCold    . . .     Faith    .   (no shield)
rNeg     . . .     Spirit   .   (armour unavailable)
rPois    .         Reflect  .   (helmet restricted)
rElec    .         Harm     .   (no cloak)
rCorr    .         Rampage  .   (no gloves)
Will     .....                  (no boots)
Stlth    ..........             (no amulet)
HPRegen  0.19/turn              (no ring)
MPRegen  0.09/turn              (no ring)

@: berserking, lethally poisoned (-3 -> -10), very quick
A: AC +5, unfitting armour, cold-blooded
a: Renounce Religion, Berserk


You were on level 4 of the Dungeon.
You worshipped Trog.
Trog was aware of your devotion.
You visited 1 branch of the dungeon, and saw 4 of its levels.

You collected 56 gold pieces.

Inventory:

Hand Weapons
 a - a +0 hand axe (weapon)
Missiles
 b - 20 arrows
Potions
 c - a potion of ambrosia {unknown}


   Skills:
 - Level 3.2 Fighting
 * Level 4.9 Axes
 - Level 2.6 Dodging


You had 3 spell levels left.
You didn't know any spells.
Your spell library contained the following spells:

 Spells                   Type           Power      Damage    Failure   Level
 Iskenderun's Battlesphe  Conj           0%         2d6       100%        5
 Iron Shot                Conj/Erth      0%         9d1       100%        6
 Spellforged Servitor     Conj/Summ      0%         N/A       100%        7


Dungeon Overview and Level Annotations

Branches:
Dungeon (4/15)             Temple (0/1) D:4

Altars:

Annotations:
D:4 2 transporters, greenlake's ghost, amateur MiFi


Innate Abilities, Weirdness & Mutations

Your plain brown scales are hard. (AC +5)
You cannot fit into any form of body armour.
You are cold-blooded and may be slowed by cold attacks.


Message History

Found 10 gold pieces.
Found a transporter.
Found 12 gold pieces.
Found a transporter.
Greenlake's ghost turns its malevolent gaze towards you.
Found a stone staircase leading up.
An orc comes into view. It is wielding a +0 hand axe.
A scorpion comes into view.
You closely miss the orc. You tail-slap the orc.
The orc is heavily wounded.
The orc jeers loudly.
The orc closely misses you.
You hit the orc.
The orc is almost dead.
The orc hits you with a +0 hand axe.
You hit the orc but do no damage.
The orc is almost dead.
The orc barely misses you.
A red film seems to cover your vision as you go berserk!
You feel yourself moving faster!
You feel mighty! The orc hits you with a +0 hand axe. The scorpion stings you.
* * * LOW HITPOINT WARNING * * *
You slash the scorpion!
The scorpion is heavily wounded.
You hit the orc but do no damage. The scorpion stings you!
* * * LOW HITPOINT WARNING * * *
You are lethally poisoned!
The scorpion poisons you! The orc hits you with a +0 hand axe.
* * * LOW HITPOINT WARNING * * *
You closely miss the scorpion.
Your tail-slap misses the scorpion.
The scorpion is heavily wounded.
You hit the orc.
You kill the orc!
Trog accepts your kill.
* * * LOW HITPOINT WARNING * * *
You feel sick.
You closely miss the scorpion.
Your tail-slap misses the scorpion.
The scorpion is heavily wounded.
* * * LOW HITPOINT WARNING * * *
You feel sick. The scorpion stings you.
You die...

.....#........ ..©
....#©....... .#. ...
...#...<.... .#.. #.#
#..#........
.#.$###.###.Z#........
.#..........Z#........
.#.........MW#.s......
.#############@)....#
......................
.........##............
...#......#+####.......
...#.........# .......
.............# #####+#
...........>.#######
..........).........
....#''............


You could see a mummy, a scorpion, greenlake's ghost, a bullfrog zombie and a
wyvern skeleton.

Vanquished Creatures
  A hound (D:4)
  2 adders (D:3)
  A worm (D:2)
  An orc (D:4)
  4 bats
  2 endoplasms (D:2)
  A giant cockroach (D:2)
  2 goblins
  A ball python (D:2)
  4 kobolds
19 creatures vanquished.

Notes
Turn   | Place    | Note
-------+----------+-------------------------------------------
     0 | D:1      | nxtlvl the Draconian Berserker began the quest for the Orb.
     0 | D:1      | Reached XP level 1. HP: 19/19 MP: 1/1
   104 | D:3      | Reached XP level 2. HP: 26/26 MP: 2/2
   115 | D:3      | Reached skill level 4 in Axes
   134 | D:2      | Reached XP level 3. HP: 27/31 MP: 3/3
   219 | D:4      | Found a staircase to the Ecumenical Temple.
   233 | D:4      | Reached XP level 4. HP: 14/38 MP: 4/4
   250 | D:4      | Found a transporter.
   251 | D:4      | Found a transporter.
   251 | D:4      | Noticed greenlake's ghost (amateur MiFi)
   257 | D:4      | Noticed a scorpion
   265 | D:4      | HP: 2/57 [poisoned by a scorpion]
   265 | D:4      | Slain by a scorpion

Illustrated notes

Levels and vault maps discovered:
D:1:      heliophobic_arrival_ceremonial_halls, layout_basic,
          basic_ecumenical_altar
D:2:      layout_loops_cross, st_stairs_12
D:3:      layout_basic, grunt_ministairs_4
D:4:      layout_basic, minmay_temple_entry_offerings, gammafunk_ghost_mausoleum

Skill      XL: |  1  2 |
---------------+-------+-----
Axes           | 4 |  4.9
Fighting       | |  3.2
Dodging        | |  2.6

Action                   |  1- 3 |  4- 6 || total
-------------------------+-------+-------++-------
Melee: Hand axe          |    48 |     6 ||    54
       Tailslap          |     7 |     1 ||     8
Invok: Berserk           |     3 |     1 ||     4
Armor: Skin              |    23 |       ||    23
Dodge: Dodged            |    40 |     2 ||    42
